 Dungeon Crawl Stone Soup version 0.28-a0-674-gdaf460b524 (webtiles) character file.

Game seed: 5318442588681338573

9 demibob the Poker (level 2, 29/29 HPs)
             Began as a Gnoll Wanderer on Oct 17, 2021.
             Was an Initiate of Gozag.
             Quit the game on level 1 of the Dungeon.
             The game lasted 00:00:36 (592 turns).

demibob the Poker (Gnoll Wanderer)                   Turns: 592, Time: 00:00:36

Health: 29/29      AC:  2    Str: 11    XL:     2   Next: 12%
Magic:  2/2        EV: 11    Int: 12    God:    Gozag
Gold:   0          SH:  0    Dex: 10    Spells: 1/1 levels left

rFire   . . .      SeeInvis .   c - +0 spear
rCold   . . .      Faith    .   (no shield)
rNeg    . . .      Spirit   .   e - +0 robe
rPois   .          Reflect  .   (no helmet)
rElec   .          Harm     .   (no cloak)
rCorr   .          Rampage  .   (no gloves)
Will    .....                   (no boots)
Stlth   ++........              (no amulet)
HPRegen 0.09/turn               (no ring)
MPRegen 0.08/turn               (no ring)

@: no status effects
A: fangs 1, strong nose, distributed training
a: Renounce Religion, Potion Petition, Call Merchant, Bribe Branch


You were on level 1 of the Dungeon.
You worshipped Gozag.
Gozag was noncommittal.
You visited 1 branch of the dungeon, and saw 1 of its levels.


Innate Abilities, Weirdness & Mutations

You have very sharp teeth.
Your uncanny sense of smell can sniff out nearby items.
Your experience applies equally to all skills.


   Skills:
 + Level 6.4 Fighting
 + Level 0.3 Short Blades
 + Level 2.4 Long Blades
 + Level 0.3 Axes
 + Level 0.3 Maces & Flails
 + Level 6.4 Polearms
 + Level 0.3 Staves
 + Level 0.3 Slings
 + Level 0.3 Bows
 + Level 0.3 Crossbows
 + Level 0.3 Throwing
 + Level 0.3 Armour
 + Level 0.3 Dodging
 + Level 4.0 Stealth
 + Level 0.3 Shields
 + Level 0.3 Unarmed Combat
 + Level 0.3 Spellcasting
 + Level 0.2 Conjurations
 + Level 0.2 Hexes
 + Level 0.2 Summonings
 + Level 0.2 Necromancy
 + Level 0.2 Translocations
 + Level 0.2 Transmutations
 + Level 0.2 Fire Magic
 + Level 0.2 Ice Magic
 + Level 0.2 Air Magic
 + Level 0.2 Earth Magic
 + Level 0.2 Poison Magic
 + Level 0.4 Invocations
 + Level 2.4 Evocations


You had one spell level left.
You didn't know any spells.
Your spell library was empty.

Inventory:

Hand Weapons
 a - a +2 dagger
 c - a +0 spear (weapon)
 d - a +0 falchion
Armour
 e - a +0 robe (worn)
Scrolls
 b - a scroll of blinking

Dungeon Overview and Level Annotations

Branches:
Dungeon (1/15)

Altars:
Gozag

##### #.# #...# #.# #.#'#####
#.# #######.#P...P# #.#
#.......#8###.# #.#
#.#######...#.# #.# #.#
##.#.#.# #.# #.# ##..#.'.#
####.####.#####.@.#####
..........#.'P#P.##(#
.#####.####.#.#.###.#
..........#.#P.P#...#
######.##.#.###8##..###
......#P....#....># #####
####..##.#####'#.....####.....
......##.#.# #...##...........
#.....#.#.# ######...........


There were no monsters in sight!


Message History

The slug dart hits you.
You reach to attack!
You hit the dart slug.
You kill the dart slug!
You have reached level 2!
Things that are here:
a +0 dagger; a goblin corpse You see here a dart slug corpse.
You see here a dart slug corpse.
Things that are here:
a +0 dagger; a goblin corpse
Found a stone staircase leading down.
Found 13 stones.
You open the door.
Found a faded altar of an unknown god.
There is an open door here.
You open the door.
There is an open door here.
You open the door.
There is an open door here.
You open the door.
There is an open door here.
Found a stone staircase leading down.
There is an open door here.
There is an open door here.
There is a faded altar of an unknown god here.
You cannot tell which god this altar belongs to.
Convert to them anyway?
Gozag accepts your prayer! Gozag welcomes you!
Gozag waives the service fee.
Are you sure you want to abandon this character and quit the game? (Confirm with "yes".)

Action                   || total
-------------------------++-------
Melee: Spear             ||    25
       Bite              ||     1
 Stab: Sleeping          ||     1
Armor: Robe              ||     2
Dodge: Dodged            ||     4

Levels and vault maps discovered:
D:1:      nagdon_arrival_double_spiral, layout_basic,
          shapermc_ecumenical_altar_ellora, minmay_hexomino_p4

Notes
Turn   | Place    | Note
-------+----------+-------------------------------------------
     0 | D:1      | demibob the Gnoll Wanderer began the quest for the Orb.
     0 | D:1      | demibob set off with the following items: a +2 dagger, a
                  | scroll of blinking, a +0 spear, a +0 falchion, a +0 robe
     0 | D:1      | Reached XP level 1. HP: 23/23 MP: 1/1
   279 | D:1      | Reached XP level 2. HP: 21/29 MP: 2/2
   500 | D:1      | Found a faded altar of an unknown god.
   591 | D:1      | Prayed at the altar of an unknown god.
   591 | D:1      | Became a worshipper of Gozag Ym Sagoz the Greedy
   592 | D:1      | Quit the game

Vanquished Creatures
  A dart slug (D:1)
  An endoplasm (D:1)
  A giant cockroach (D:1)
  2 goblins (D:1)
  A quokka (D:1)
6 creatures vanquished.

Table legend: (Time is in decaauts)
 A = Elapsed time spent in this place.
 B = Non-inter-level travel time spent in this place.
 C = Inter-level travel time spent in this place.
 D = Time resting spent in this place.
 E = Time spent auto-exploring this place.
 F = Levels seen in this place.
 G = Mean time per level.
                   A        B        C        D        E       F      G
               +--------+--------+--------+--------+--------+-----+--------+
         Total |    623 |    590 |     33 |      0 |    543 |   1 |  623.0 |
       Dungeon |    623 |    590 |     33 |      0 |    543 |   1 |  623.0 |
               +--------+--------+--------+--------+--------+-----+--------+

Top non-repeatable levels by time:
     D:1: 623 daAuts

Table legend:
 A = Non-vault XP
 B = Vault XP
 C = Vault XP percentage of total XP
 D = Non-vault monster count
 E = Vault monster count
 F = Vault count percentage of total count
                 A         B        C        D         E       F
            +---------+---------+-------+---------+---------+-------
      Total |      13 |       0 |   0.0 |       6 |       0 |   0.0
            +---------+---------+-------+---------+---------+-------
        D:1 |      13 |       0 |   0.0 |       6 |       0 |   0.0
            +---------+---------+-------+---------+---------+-------
